 Dungeon Crawl Stone Soup version 0.25-a0-549-g6e6e6501ad (webtiles) character file.

Game seed: 15752058099546556749, levelgen mode: deterministic

528 Eurus the Conjurer (level 7, -1/52 HPs)
             Began as a Mummy Conjurer on Feb 23, 2020.
             Was an Initiate of Vehumet.
             Slain by a sky beast (5 damage)
             ... on level 5 of the Dungeon.
             The game lasted 00:10:47 (5465 turns).

Eurus the Conjurer (Mummy Conjurer)                 Turns: 5465, Time: 00:10:47

Health: -1/52      AC:  2    Str: 12    XL:     7   Next: 3%
Magic:  15/23      EV: 12    Int: 16    God:    Vehumet [......]
Gold:   242        SH:  0    Dex: 12    Spells: 13/16 levels left

rFire    x . .     SeeInvis .   b - +0 short sword
rCold    + . .     Gourm    .   (no shield)
rNeg     + + +     Faith    .   a - +0 robe
rPois    ∞         Spirit   .   (no helmet)
rElec    .         Reflect  .   (no cloak)
rCorr    .         Harm     .   (no gloves)
MR       .....                  (no boots)
Stlth    ++........             (no amulet)
HPRegen  0.17/turn              f - ring of magical power
MPRegen  0.18/turn              (no ring)

@: no status effects
A: no food or potions, fire vulnerability, cold resistance 1, negative energy
resistance 3, torment resistance, unbreathing
a: Renounce Religion


You were on level 5 of the Dungeon.
You worshipped Vehumet.
Vehumet was noncommittal.
You were not hungry.

You visited 2 branches of the dungeon, and saw 6 of its levels.
You also visited: Sewer.

You collected 242 gold pieces.

Inventory:

Hand Weapons
 b - a +0 short sword (weapon)
 g - a +1 short sword of flaming
Armour
 a - a +0 robe (worn)
Jewellery
 f - a ring of magical power (left hand)
Scrolls
 c - 4 scrolls of identify
 d - 3 scrolls of teleportation {unknown}
 e - a scroll of random uselessness {unknown}
 h - a scroll of magic mapping
 i - a scroll of acquirement {unknown}


   Skills:
 + Level 3.4 Fighting
 - Level 1.5 Dodging
 - Level 1.5 Stealth
 + Level 5.1 Spellcasting
 * Level 5.5 Conjurations


You had 13 spell levels left.
You knew the following spells:

 Your Spells              Type           Power        Failure   Level  Hunger
a - Magic Dart            Conj           ###.         1%          1    N/A
b - Searing Ray           Conj           ###...       2%          2    N/A

Your spell library contained the following spells:

 Spells                   Type           Power        Failure   Level  Hunger
 Dazzling Flash           Conj/Hex       ##....       14%         3    N/A
 Fulminant Prism          Conj/Hex       ##........   43%         4    N/A
 Iskenderun's Mystic Bla  Conj/Tloc      ##......     43%         4    N/A

Dungeon Overview and Level Annotations

Branches:
Dungeon (5/15)             Temple (1/1) D:4           Sewer (visited)

Altars:
Ashenzari
Cheibriados
Dithmenos
Elyvilon
Fedhas
Gozag
Hepliaklqana
Kikubaaqudgha
Makhleb
Nemelex Xobeh
Okawaru
Qazlal
Ru
Sif Muna
Trog
Uskayaw
Vehumet
Wu Jian
Xom
Yredelemnul
Zin
The Shining One

Annotations:
D:1 2 exclusions
D:5 Edmund


Innate Abilities, Weirdness & Mutations

You do not eat or drink.
Your flesh is vulnerable to fire.
You are immune to poison.
Your flesh is cold resistant. (rC+)
You are immune to negative energy. (rN+++)
You are immune to unholy pain and torment.
You can survive without breathing.


Message History

Something hits you. Something shocks you. Something hits you.
Something shocks you. Something hits you. Something shocks you.
The searing ray hits something!
You finish channeling your searing ray.
Something hits you but does no damage.
Casting: Searing Ray (safe; 2% risk of failure)
Confirm with . or Enter, or press ? or * to list all spells.
Aiming: Searing Ray (safe; 2% risk of failure)
Press: ? - help, Shift-Dir - straight line (Press . to maintain the ray.)
Something hits you. Something shocks you.
* * * LOW HITPOINT WARNING * * *
The searing ray hits something!
Something hits you.
* * * LOW HITPOINT WARNING * * *
Something shocks you.
* * * LOW HITPOINT WARNING * * *
The searing ray hits something.
Something hits you.
* * * LOW HITPOINT WARNING * * *
Something shocks you.
You die...

..$. #..# #..# #..# #..####
#####.# #.....# #.....#
#.#.#.# #<# ####...#
..########.# .....###
#(.....@{..# ####...#
..########.# ..).#
...######.######### ##.#...
##................##
#.#..#........<........>...
#.#..# ##..#####.##.###.#.#
#.# .# #!##.# #.. .. #.##.#
#.#...


There were no monsters in sight!

Vanquished Creatures
  A phantom (D:4)
  An ogre (D:2)
  A bullfrog (Sewer)
  A crimson imp (D:5)
  An orc wizard (D:4)
  An iguana (D:5)
  A worker ant (D:4)
  5 adders
  3 oozes
  2 adder skeletons
  A worm (D:3)
  2 dart slugs (D:1)
  15 leopard geckos
  6 orcs
  11 giant cockroaches
  10 goblins
  7 hobgoblins
  5 jackals
  10 kobolds
  2 ball pythons (Sewer)
  4 bats
  6 frilled lizards
  9 rats
105 creatures vanquished.

Notes
Turn   | Place    | Note
-------+----------+-------------------------------------------
     0 | D:1      | Eurus the Mummy Conjurer began the quest for the Orb.
     0 | D:1      | Reached XP level 1. HP: 13/13 MP: 4/4
    76 | D:1      | Reached XP level 2. HP: 20/20 MP: 5/5
    80 | D:1      | Learned a level 2 spell: Searing Ray
   335 | D:1      | Reached skill level 1 in Fighting
   478 | D:1      | Reached XP level 3. HP: 23/26 MP: 3/7
  1369 | D:2      | Found a sacrificial altar of Ru.
  1443 | D:2      | Noticed an ogre
  1642 | D:2      | Found a white marble altar of Elyvilon.
  1924 | D:2      | Killed an ogre
  1924 | D:2      | Reached XP level 4. HP: 33/33 MP: 2/9
  2294 | D:2      | Reached XP level 5. HP: 38/38 MP: 5/10
  3345 | D:4      | Found a glowing drain.
  3389 | Sewer    | Entered a sewer
  3912 | Sewer    | Reached skill level 5 in Conjurations
  3912 | Sewer    | Reached XP level 6. HP: 33/46 MP: 12/12
  4765 | D:4      | Found a staircase to the Ecumenical Temple.
  4780 | Temple   | Entered the Ecumenical Temple
  4857 | Temple   | Became a worshipper of Vehumet
  5039 | D:4      | Reached skill level 5 in Spellcasting
  5140 | D:5      | Entered Level 5 of the Dungeon
  5262 | D:5      | Noticed Edmund
  5374 | D:5      | Reached XP level 7. HP: 52/52 MP: 14/14
  5465 | D:5      | Slain by a sky beast

Levels and vault maps discovered:
D:1:      erik_arrival_gehennom, layout_loops_ring
D:2:      wad_crossroads, layout_loops_cross, lemuel_round_altar,
          skrybe_limestone_x, nicolae_ru_sacrificial_ziggurat
D:3:      layout_rooms, first_ration
D:4:      layout_basic, minmay_temple_entry_arrows, portal_sewer_entry_f,
          kennysheep_minor_cross
D:5:      layout_loops_ring, basic_altar, uniq_edmund
Temple:   grunt_wide_crystal_templ

Skill      XL: |  1  2  3  4  5  6 |
---------------+-------------------+-----
Spellcasting   | 3 4 5 |  5.1
Fighting       | 1 2 3 |  3.4
Conjurations   | 4 5 |  5.5
Dodging        | |  1.5
Stealth        | |  1.5

Action                   |  1- 3 |  4- 6 |  7- 9 || total
-------------------------+-------+-------+-------++-------
Melee: Short sword       |    53 |    47 |       ||   100
 Cast: Magic Dart        |    49 |    89 |       ||   138
       Searing Ray       |     1 |    18 |     2 ||    21
  Use: Scroll            |       |     2 |       ||     2
 Stab: Sleeping          |     2 |       |       ||     2
Armor: Robe              |     9 |    13 |     1 ||    23
Dodge: Dodged            |    39 |    69 |       ||   108

Table legend:
 A = Non-vault XP
 B = Vault XP
 C = Vault XP percentage of total XP
 D = Non-vault monster count
 E = Vault monster count
 F = Vault count percentage of total count
                 A         B        C        D         E       F
            +---------+---------+-------+---------+---------+-------
      Total |     567 |     188 |  24.9 |      72 |      33 |  31.4
            +---------+---------+-------+---------+---------+-------
        D:1 |      41 |      19 |  31.7 |      22 |       5 |  18.5
        D:2 |     134 |       7 |   5.0 |      12 |       4 |  25.0
        D:3 |      65 |       0 |   0.0 |      24 |       0 |   0.0
        D:4 |     231 |      17 |   6.9 |       8 |       6 |  42.9
        D:5 |      96 |       0 |   0.0 |       6 |       0 |   0.0
      Sewer |       0 |     145 | 100.0 |       0 |      18 | 100.0
            +---------+---------+-------+---------+---------+-------
